 Dungeon Crawl Stone Soup version 0.19-a0-1468-ge013c26 (webtiles) character file.

187 LORDOFBUTT the Shield-Bearer (level 5, -7/42 HPs)
             Began as a Formicid Fighter on Sept 7, 2016.
             Mangled by a kobold
             ... wielding a +2 whip of electrocution
              (9 damage)
             ... on level 3 of the Dungeon.
             The game lasted 00:03:42 (1513 turns).

LORDOFBUTT the Shield-Bearer (Formicid Fighter)     Turns: 1513, Time: 00:03:43

Health: -7/42      AC:  7    Str: 26    XL:     5   Next: 99%
Magic:  5/5        EV:  9    Int:  7    God:
Gold:   162        SH: 10    Dex: 11    Spells: 0 memorised, 4 levels left

rFire  . . .     SeeInvis +     a - +0 war axe
rCold  . . .     Gourm    .     b - +0 scale mail
rNeg   . . .     Faith    .     c - +0 shield
rPois  .         Spirit   .     (helmet unavailable)
rElec  .         Dismiss  .     (no cloak)
rCorr  .         Reflect  .     (no gloves)
MR     .....     Harm     .     (no boots)
Stlth  ..........               (no amulet)
                                (no ring)
                                (no ring)

@: mighty
A: permanent stasis, dig shafts and tunnels, four strong arms, antennae 3
a: Dig, Shaft Self


You were on level 3 of the Dungeon.
You were not hungry.

You visited 1 branch of the dungeon, and saw 3 of its levels.

You collected 162 gold pieces.

Inventory:

Hand Weapons
 a - a +0 war axe (weapon)
Armour
 b - a +0 scale mail (worn)
 c - a +0 shield (worn)
Scrolls
 e - a scroll of enchant weapon {unknown}
 g - a scroll of enchant armour {unknown}
 h - a scroll of amnesia {unknown}
 i - a scroll of identify {unknown}
 l - a scroll of blinking {unknown}
Potions
 d - a potion of might
 j - a potion of magic {unknown}
 k - a potion of curing {unknown}
Comestibles
 f - 2 bread rations


   Skills:
 + Level 3.8 Fighting
 + Level 3.1 Axes
 + Level 4.1 Armour
 + Level 1.7 Dodging
 + Level 5.0 Shields


You had 4 spell levels left.
You didn't know any spells.

Dungeon Overview and Level Annotations

Branches:
Dungeon (3/15)

Altars:
Kikubaaqudgha
Vehumet


Innate Abilities, Weirdness & Mutations

You are under a permanent stasis effect.
You can dig through walls and to a lower floor.
Your four strong arms can wield two-handed weapons with a shield.
You have a pair of large antennae on your head. (SInv)


Message History

Your scale mail prevents you from hitting the kobold.
The kobold is severely wounded.
You feel sick. The kobold barely misses you. x2
You closely miss the kobold.
The kobold is severely wounded.
The kobold hits you with an uncursed whip of electrocution.
You are electrocuted!
* * * LOW HITPOINT WARNING * * *
You are too injured to fight recklessly!
You are too injured to fight recklessly!
You are too injured to fight recklessly!
You feel very mighty all of a sudden. The kobold hits you but does no damage.
You completely miss the kobold.
The kobold is severely wounded.
You feel sick.
You are no longer poisoned.
The kobold closely misses you. The kobold hits you but does no damage.
You are electrocuted!
You die...

..#... ...#. .... ...
##### ..# # ....#
..##..#
###.#############K....#
#.........((((@†...#
################..#..#
##### #... ..... ..#
... #### #.# # #.# #.#
##### #.# ....# #.#


You could see a kobold.

Vanquished Creatures
  An orc priest (D:3)
  An orc wizard (D:3)
  4 adders
  2 oozes
  4 dart slugs
  2 worms (D:2)
  2 giant geckos
  7 orcs (D:3)
  A ball python (D:2)
  5 bats
  6 giant cockroaches
  A goblin (D:2)
  9 hobgoblins
  2 jackals (D:3)
  3 kobolds (D:2)
  3 quokkas (D:3)
  5 giant newts
  10 rats
68 creatures vanquished.

Notes
Turn   | Place    | Note
-------+----------+-------------------------------------------
     0 | D:1      | LORDOFBUTT the Formicid Fighter began the quest for the Orb.
     0 | D:1      | Reached XP level 1. HP: 18/18 MP: 1/1
    90 | D:1      | Reached XP level 2. HP: 24/24 MP: 2/2
   159 | D:1      | Reached skill level 4 in Shields
   563 | D:1      | Reached XP level 3. HP: 29/29 MP: 3/3
   871 | D:2      | Reached XP level 4. HP: 24/35 MP: 4/4
   897 | D:2      | Found a radiant altar of Vehumet.
  1019 | D:2      | Found an ancient bone altar of Kikubaaqudgha.
  1301 | D:3      | Reached skill level 1 in Dodging
  1301 | D:3      | Reached skill level 5 in Shields
  1301 | D:3      | Reached XP level 5. HP: 30/42 MP: 5/5
  1513 | D:3      | HP: 2/42 [poisoned by a kobold]
  1513 | D:3      | Mangled by a kobold

Vault maps used:
D:1:      lightli_arrival_lavapool
D:2:      kiku_gazebo_pond_becter, vehumet_crystals, kennysheep_generic_room_11
D:3:      minivault_26

Skill      XL: |  1  2  3  4  5 |
---------------+----------------+-----
Shields        | 4 5 |  5.0
Armour         | 4 |  4.1
Dodging        | 1 |  1.7
Axes           | 3 |  3.1
Fighting       | |  3.8

Action                   |  1- 3 |  4- 6 || total
-------------------------+-------+-------++-------
Melee: War axe           |   104 |   103 ||   207
  Use: Potion            |       |     1 ||     1
  Eat: Bread ration      |       |     1 ||     1
Armor: Scale mail        |    58 |    33 ||    91
Dodge: Dodged            |    35 |    33 ||    68
Block: Shield            |    66 |    52 ||   118
